 Dungeon Crawl Stone Soup version 0.31.0-11-ge490571c62 (webtiles) character file.

Game seed: 14052886998004418525

1015 qw the Skirmisher (level 8, 0/40 HPs)
             Began as a Spriggan Hunter on Feb 4, 2024.
             Was a Follower of Okawaru.
             Slain by a gnoll
             ... wielding a +0 spear
             ... led by a gnoll sergeant
              (3 damage)
             ... on level 6 of the Dungeon.
             The game lasted 00:02:23 (4561 turns).

qw the Skirmisher (Spriggan Hunter)                 Turns: 4561, Time: 00:02:23

Health: 0/40       AC:  3    Str:  7    XL:     8   Next: 1%
Magic:  9/9        EV: 22    Int: 11    God:    Okawaru [*.....]
Gold:   236        SH:  5    Dex: 20    Spells: 7/7 levels left

rFire   . . .        l - +0 orcbow
rCold   . . .        (shield currently unavailable)
rNeg    . . .        k - +1 robe {Will+}
rPois   .            (helmet restricted)
rElec   .            (no cloak)
rCorr   +            (gloves unavailable)
SInv    +            (boots unavailable)
Will    ++...        a - amulet of reflection
Stlth   ++           h - ring of resist corrosion
HPRegen 0.26/turn    (no ring)
MPRegen 0.11/turn

%: reflection
@: very quick
A: very small, no large weapons, unfitting armour, see invisible, speed 3
a: Renounce Religion, Heroism


You were on level 6 of the Dungeon.
You worshipped Okawaru.
Okawaru was aware of your devotion.
You visited 2 branches of the dungeon, and saw 7 of its levels.

You collected 285 gold pieces.
You spent 49 gold pieces at shops.


Innate Abilities, Weirdness & Mutations

You are very small and have problems with some larger weapons.
You are too small for most types of armour.
You have supernaturally acute eyesight. (SInv)
You cover ground extremely quickly. (Speed+++)


   Skills:
 - Level 3.0 Fighting
 - Level 8.2 Ranged Weapons
 + Level 7.1 Dodging
 - Level 1.5 Stealth
 + Level 0.5 Invocations


You had 7 spell levels left.
You didn't know any spells.
Your spell library was empty.

Inventory:

Hand Weapons
 l - a +0 orcbow (weapon)
Armour
 k - a +1 robe of willpower (worn)
Jewellery
 a - an amulet of reflection (around neck)
 b - a ring of ice
 h - a ring of resist corrosion (left hand)
Scrolls
 c - a scroll of fog {unknown}
Potions
 d - a potion of cancellation

Dungeon Overview and Level Annotations

Branches:
Dungeon (6/15)             Temple (1/1) D:5

Altars:
Ashenzari
Cheibriados
Dithmenos
Elyvilon
Hepliaklqana
Kikubaaqudgha
Makhleb
Nemelex Xobeh
Okawaru
Qazlal
Ru
Sif Muna
Uskayaw
Xom
Yredelemnul
Zin
The Shining One

Shops:
D:3 (


Message History

You shoot an arrow. The arrow hits the gnoll sergeant.
The gnoll sergeant is almost dead.
You block the gnoll sergeant's attack.
You shoot an arrow. The arrow hits the gnoll sergeant!
You kill the gnoll sergeant!
Okawaru accepts your kill.
You can now gain great but temporary skills.
You shoot an arrow. The arrow hits the gnoll!
The gnoll is heavily wounded.
You hear a shout!
The gnoll misses you. x4
You shoot an arrow. The arrow hits the gnoll.
You kill the gnoll!
Okawaru accepts your kill.
The gnoll hits you from afar with a +0 spear!
You shoot an arrow. The arrow barely misses the gnoll.
The arrow hits the gnoll!
You kill the gnoll!
Okawaru accepts your kill. The gnoll completely misses you.
You have reached level 8!
You shoot an arrow. The arrow hits the gnoll!
The gnoll is severely wounded.
The gnoll barely misses you. The gnoll hits you with a +0 whip.
You shoot an arrow. The arrow hits the gnoll!
You kill the gnoll!
Okawaru accepts your kill.
You hear a loud, deep croak!
A bullfrog comes into view.
The gnoll hits you from afar with a +0 spear.
You hear an angry hiss.
Your Fighting skill increases to level 3!
4559 ||| RETREEEEATING.
The gnoll misses you.
You shoot an arrow.
The arrow hits the gnoll but does no damage.
You block the gnoll's attack.
You shoot an arrow.
The arrow hits the gnoll but does no damage.
The gnoll hits you with a +0 spear.
You die...

#.......# ##.......#
######## #.....>..#
#......## ##........#
##.###..#### #.........#
....###....#####%##..#####
....#...........).....#
....#..)......#####.###
................@gF.#
..............)###..#
....................#
.........................g.
...........#######..##...g.
#............. .... .s..
#.#...#....... ...... g..
#...#.#....... ..#.... ..
...##.#..........#..### .


You could see a bullfrog and a gnoll.

Vanquished Creatures
  A water moccasin (D:6)
  A black bear (D:4)
  A phantom (D:5)
  A bullfrog (D:6)
  A scorpion (D:5)
  A gnoll sergeant (D:6)
  3 jellies (D:5)
  2 orc priests (D:5)
  A hound (D:6)
  A gnoll bouda (D:3)
  2 iguanas (D:4)
  2 orc wizards
  7 gnolls
  7 adders
  A white imp (D:6)
  3 dart slugs
  2 ribbon worms (D:3)
  17 orcs
  5 endoplasms
  4 giant cockroaches
  5 goblins
  6 hobgoblins
  3 jackals (D:3)
  5 quokkas
  3 ball pythons
  4 bats
  7 frilled lizards
  6 kobolds
  7 rats
109 creatures vanquished.

Notes
Turn   | Place    | Note
-------+----------+-------------------------------------------
     0 | D:1      | qw the Spriggan Hunter began the quest for the Orb.
     0 | D:1      | Reached XP level 1. HP: 10/10 MP: 2/2
     0 | D:1      | 0 ||| qw: Version: 0.3-a-160-g5e54788
     0 | D:1      | 0 ||| qw: Game counter: 4302
     0 | D:1      | 0 ||| qw: Melee chars always use a shield: true
     0 | D:1      | 0 ||| qw: God list: Okawaru
     0 | D:1      | 0 ||| qw: Allow faded altars: false
     0 | D:1      | 0 ||| qw: Do Orc after clearing Dungeon:15 true
     0 | D:1      | 0 ||| qw: Do second Lair branch before Depths: true
     0 | D:1      | 0 ||| qw: Lair rune preference: random
     0 | D:1      | 0 ||| qw: Goals: Normal
     0 | D:1      | 0 ||| PLANNING D:1-11
    38 | D:1      | Reached skill level 3 in Dodging
    77 | D:1      | Reached XP level 2. HP: 11/14 MP: 3/3
   529 | D:1      | 529 ||| READING scroll labelled AMNELI GATOTE.
   529 | D:1      | 529 ||| IDENTIFYING metallic golden potion
   530 | D:1      | 530 ||| DROPPING scroll of butterflies.
   550 | D:2      | 550 ||| RETREEEEATING.
   553 | D:2      | 553 ||| RETREEEEATING.
   554 | D:2      | 554 ||| RETREEEEATING.
   565 | D:2      | Reached XP level 3. HP: 16/18 MP: 4/4
   889 | D:2      | Reached skill level 5 in Ranged Weapons
  1109 | D:2      | 1109 ||| READING scroll of identify.
  1109 | D:2      | 1109 ||| IDENTIFYING brown potion
  1110 | D:2      | 1110 ||| READING scroll labelled SOCAHEI SAON.
  1114 | D:2      | 1114 ||| READING scroll labelled FUVEAD GIESAYRPH.
  1290 | D:3      | Reached XP level 4. HP: 22/22 MP: 5/5
  1708 | D:3      | Found Zuiggir's Weapon Shop.
  1719 | D:3      | 1719 ||| BUYING +0 orcbow (49 gold).
  1719 | D:3      | Bought a +0 orcbow for 49 gold pieces
  1719 | D:3      | 1719 ||| SWAPPING to +0 orcbow.
  1720 | D:3      | 1720 ||| DROPPING +0 shortbow.
  2019 | D:3      | 2019 ||| UPGRADING to +1 robe of willpower.
  2029 | D:3      | 2029 ||| DROPPING +0 robe.
  2030 | D:3      | 2030 ||| UPGRADING to ring of resist corrosion.
  2031 | D:3      | 2031 ||| READING scroll labelled FEACHE QEGEGAH.
  2032 | D:3      | 2032 ||| READING scroll labelled COEJELUUCA.
  2034 | D:3      | 2034 ||| Stepping ~*~*~tactically~*~*~ (cloud).
  2159 | D:4      | 2159 ||| STAIRDANCE
  2166 | D:3      | Reached XP level 5. HP: 23/27 MP: 6/6
  2182 | D:4      | 2182 ||| STAIRDANCE
  2205 | D:4      | 2205 ||| STAIRDANCE
  2256 | D:4      | 2256 ||| STAIRDANCE
  2382 | D:4      | Noticed a black bear
  2392 | D:4      | HP: 5/27 [black bear (3)]
  2393 | D:4      | 2393 ||| DRINKING potion of heal wounds.
  2396 | D:4      | HP: 2/27 [black bear (6)]
  2397 | D:4      | Killed a black bear
  2398 | D:4      | Reached skill level 6 in Ranged Weapons
  2398 | D:4      | Reached XP level 6. HP: 2/31 MP: 7/7
  2579 | D:4      | 2579 ||| RETREEEEATING.
  2584 | D:4      | 2584 ||| DRINKING cyan potion.
  2585 | D:4      | 2585 ||| DRINKING pink potion.
  2586 | D:4      | 2586 ||| DRINKING bubbling pink potion.
  2739 | D:4      | Reached skill level 6 in Dodging
  3021 | D:4      | 3021 ||| UPGRADING to amulet of the acrobat.
  3026 | D:4      | 3026 ||| DROPPING +6 ring of intelligence.
  3027 | D:4      | 3027 ||| READING scroll labelled FEFREJ PUNYBB.
  3128 | D:4      | 3128 ||| READING scroll labelled HOINEROXTUU.
  3143 | D:5      | Entered Level 5 of the Dungeon
  3253 | D:5      | 3253 ||| FLEEEEING.
  3254 | D:5      | 3254 ||| FLEEEEING.
  3255 | D:5      | 3255 ||| FLEEEEING.
  3256 | D:5      | 3256 ||| FLEEEEING.
  3447 | D:5      | Reached skill level 7 in Ranged Weapons
  3447 | D:5      | Reached XP level 7. HP: 35/35 MP: 8/8
  3519 | D:5      | 3519 ||| UPGRADING to amulet of reflection.
  3529 | D:5      | 3529 ||| DROPPING amulet of the acrobat.
  3530 | D:5      | 3530 ||| DROPPING amulet of regeneration.
  3531 | D:5      | 3531 ||| READING scroll labelled WYDOCA AJEHANO.
  3606 | D:5      | Found a staircase to the Ecumenical Temple.
  3607 | D:5      | 3607 ||| PLANNING TEMPLE
  3616 | Temple   | Entered the Ecumenical Temple
  3617 | Temple   | 3617 ||| PLANNING OKAWARU WORSHIP
  3689 | Temple   | Became a worshipper of Warmaster Okawaru
  3690 | Temple   | 3690 ||| PLANNING D:1-11
  3890 | D:5      | 3890 ||| READING scroll of identify.
  3890 | D:5      | 3890 ||| IDENTIFYING murky yellow potion
  3891 | D:5      | 3891 ||| DROPPING potion of lignification.
  3903 | D:4      | Found a burning altar of Makhleb.
  3923 | D:5      | HP: 5/35 [orc priest/divine providence (11)]
  3924 | D:5      | 3924 ||| READING scroll of teleportation.
  4345 | D:5      | 4345 ||| READING scroll labelled AGOUXK KUIGH.
  4530 | D:6      | Reached skill level 8 in Ranged Weapons
  4535 | D:6      | 4535 ||| RETREEEEATING.
  4536 | D:6      | 4536 ||| RETREEEEATING.
  4540 | D:6      | 4540 ||| RETREEEEATING.
  4543 | D:6      | 4543 ||| RETREEEEATING.
  4545 | D:6      | 4545 ||| RETREEEEATING.
  4548 | D:6      | 4548 ||| RETREEEEATING.
  4550 | D:6      | 4550 ||| RETREEEEATING.
  4553 | D:6      | Reached * piety under Okawaru
  4557 | D:6      | Reached XP level 8. HP: 10/39 MP: 9/9
  4557 | D:6      | HP: 5/39 [gnoll/+0 whip[a gnoll sergeant] (6)]
  4558 | D:6      | HP: 2/39 [gnoll/+0 spear[a gnoll sergeant] (3)]
  4559 | D:6      | Reached skill level 3 in Fighting
  4559 | D:6      | 4559 ||| RETREEEEATING.
  4561 | D:6      | Slain by a gnoll

Levels and vault maps discovered:
D:1:      ldierk_walled_garden, layout_basic, minmay_misc_feat_chi,
          minmay_pentomino_r4
D:2:      layout_loops_ring
D:3:      layout_loops_corners, serial_shops, shop
D:4:      nicolae_cairo_tiling, layout_rooms, nicolae_overflow_hidden_temple
D:5:      layout_gridville, minmay_temple_entry_butterflies,
          kennysheep_generic_room_8
D:6:      layout_rooms, uniq_eustachio
Temple:   minmay_temple_bridge_d

Skill      XL: |  1  2  3  4  5  6  7  8 |
---------------+-------------------------+-----
Dodging        | 3 4 5 6 7 |  7.1
Ranged Weapons | 5 6 7 8 |  8.2
Fighting       | 2 3 |  3.0
Stealth        | |  1.5
Invocations    | |  0.5

Action                     |  1- 3 |  4- 6 |  7- 9 || total
---------------------------+-------+-------+-------++-------
   Fire: Shortbow          |   107 |    48 |       ||   155
         Orcbow            |       |   134 |    80 ||   214
    Use: Scroll            |     4 |     4 |     4 ||    12
         Potion            |       |     4 |       ||     4
 Armour: Robe              |    13 |    44 |    22 ||    79
  Dodge: Dodged            |    58 |   135 |    29 ||   222
  Block: Other             |       |       |    10 ||    10

Table legend:
 A = Non-vault XP
 B = Vault XP
 C = Vault XP percentage of total XP
 D = Non-vault monster count
 E = Vault monster count
 F = Vault count percentage of total count
                 A         B        C        D         E       F
            +---------+---------+-------+---------+---------+-------
      Total |    1337 |     114 |   7.9 |     105 |       4 |   3.7
            +---------+---------+-------+---------+---------+-------
        D:1 |      29 |       6 |  17.1 |      19 |       2 |   9.5
        D:2 |      50 |       0 |   0.0 |      17 |       0 |   0.0
        D:3 |     113 |       0 |   0.0 |      24 |       0 |   0.0
        D:4 |     334 |       0 |   0.0 |      23 |       0 |   0.0
        D:5 |     374 |     108 |  22.4 |      12 |       2 |  14.3
        D:6 |     437 |       0 |   0.0 |      10 |       0 |   0.0
            +---------+---------+-------+---------+---------+-------
